 Dungeon Crawl Stone Soup version 0.26.0-45-g9c1d065592 (webtiles) character file.

Game seed: 11122970209264683056

2 kaeus the Stinger (level 1, 0/13 HPs)
             Began as a Gnoll Venom Mage on Jan 30, 2021.
             Slain by a leopard gecko (3 damage)
             ... on level 1 of the Dungeon.
             The game lasted 00:00:06 (89 turns).

kaeus the Stinger (Gnoll Venom Mage)                  Turns: 89, Time: 00:00:06

Health: 0/13       AC:  2    Str: 10    XL:     1   Next: 30%
Magic:  5/6        EV: 14    Int: 17    God:
Gold:   13         SH:  0    Dex: 15    Spells: 8/9 levels left

rFire    . . .     SeeInvis .   (no weapon)
rCold    . . .     Faith    .   (no shield)
rNeg     . . .     Spirit   .   a - +0 robe
rPois    .         Reflect  .   (no helmet)
rElec    .         Harm     .   (no cloak)
rCorr    .         Rampage  .   (no gloves)
Will     .....                  (no boots)
Stlth    +++.......             (no amulet)
HPRegen  0.04/turn              (no ring)
MPRegen  0.10/turn              (no ring)

@: no status effects
A: distributed training, fangs 1, strong nose
a: no special abilities


You were on level 1 of the Dungeon.
You visited 1 branch of the dungeon, and saw 1 of its levels.

You collected 13 gold pieces.

Inventory:

Armour
 a - a +0 robe (worn)
Scrolls
 b - a scroll of remove curse {unknown}
 e - a scroll of teleportation {unknown}
 f - 2 scrolls of identify {unknown}
Potions
 c - a potion of cancellation {unknown}
 d - a potion of attraction {unknown}


   Skills:
 + Level 0.0 Fighting
 + Level 0.0 Short Blades
 + Level 0.0 Long Blades
 + Level 0.0 Axes
 + Level 0.0 Maces & Flails
 + Level 0.0 Polearms
 + Level 0.0 Staves
 + Level 0.0 Slings
 + Level 0.0 Bows
 + Level 0.0 Crossbows
 + Level 0.0 Throwing
 + Level 0.0 Armour
 + Level 4.4 Dodging
 + Level 4.0 Stealth
 + Level 0.0 Shields
 + Level 0.0 Unarmed Combat
 + Level 4.8 Spellcasting
 + Level 0.0 Conjurations
 + Level 0.0 Hexes
 + Level 0.0 Summonings
 + Level 0.0 Necromancy
 + Level 0.0 Translocations
 + Level 1.9 Transmutations
 + Level 0.0 Fire Magic
 + Level 0.0 Ice Magic
 + Level 0.0 Air Magic
 + Level 0.0 Earth Magic
 + Level 5.3 Poison Magic
 + Level 0.1 Invocations
 + Level 0.0 Evocations


You had 8 spell levels left.
You knew the following spells:

 Your Spells              Type           Power        Failure   Level
a - Sting                 Tmut/Pois      64%          3%          1

Your spell library contained the following spells:

 Spells                   Type           Power        Failure   Level
 Poisonous Vapours        Pois/Air       26%          7%          2
 Ignite Poison            Fire/Tmut/Pois 12%          16%         3
 Olgreb's Toxic Radiance  Pois           22%          16%         4
 Mephitic Cloud           Conj/Pois/Air  10%          21%         3


Dungeon Overview and Level Annotations

Branches:
Dungeon (1/15)

Altars:


Innate Abilities, Weirdness & Mutations

Your experience applies equally to all skills.
You have very sharp teeth.
Your uncanny sense of smell can sniff out nearby items.


Message History

The leopard gecko is heavily wounded.
The bat closely misses you. The leopard gecko bites you.
* * * LOW HITPOINT WARNING * * *
There are monsters nearby!
You are too injured to fight recklessly!
There are monsters nearby!
You take 5 damage, and have 3/13 hp.
MASSIVE DAMAGE!!
You are too injured to fight recklessly!
There are monsters nearby!
The leopard gecko closely misses you.
Casting: Sting (safe; 3% risk of failure)
Confirm with . or Enter, or press ? or * to list all spells.
Aiming: Sting (safe; 3% risk of failure)
Press: ? - help, Shift-Dir - straight line, f - leopard gecko
Aim: a leopard gecko (moderately wounded, 40% to evade)
The sting misses the leopard gecko.
The sting hits the hobgoblin.
The hobgoblin is poisoned.
The hobgoblin is lightly wounded.
The bat barely misses you. The leopard gecko bites you.
You die...

#P..............
#♣.....P........
#P##...##.♣♣P.P♣
#'''######### # #...#
# #.# #########.#####
#
##...###.............#
#
.......#.#b......###.#
#
.......'.gl@.....>##.#
#
.......###.......###.#
......† #.......# #.#
...$... #.......# #.#
....... #.......# #.#
....... #.......###.#
....... #.......'...#
....... #.......#####
#########


You could see a leopard gecko, a hobgoblin (poisoned) and a bat.

Vanquished Creatures
  A goblin (D:1)
  A bat (D:1)
2 creatures vanquished.

Notes
Turn   | Place    | Note
-------+----------+-------------------------------------------
     0 | D:1      | kaeus the Gnoll Venom Mage began the quest for the Orb.
     0 | D:1      | Reached XP level 1. HP: 13/13 MP: 6/6
    89 | D:1      | Slain by a leopard gecko

Illustrated notes

Levels and vault maps discovered:
D:1:      kennysheep_arrival_seaside, layout_basic, minmay_tromino_v7

Action                   || total
-------------------------++-------
Melee: Unarmed           ||     4
 Cast: Sting             ||     3
Armor: Robe              ||     1
Dodge: Dodged            ||     6
